 Dungeon Crawl Stone Soup version 0.28-a0-723-g095bd1b44f (webtiles) character file.

Game seed: 6142526359542986672

1874 pokeman the Thaumaturge (level 8, -2/44 HPs)
             Began as a Deep Elf Hedge Wizard on Oct 25, 2021.
             Was a Follower of Vehumet.
             Killed from afar by an acid dragon (13 damage)
             ... with a splash of acid
             ... on level 8 of the Dungeon.
             The game lasted 00:24:47 (9252 turns).

pokeman the Thaumaturge (Deep Elf Hedge Wizard)     Turns: 9252, Time: 00:24:48

Health: -2/44      AC:  6    Str: 13    XL:     8   Next: 91%
Magic:  9/24       EV: 28    Int: 22    God:    Vehumet [*.....]
Gold:   349        SH:  0    Dex: 20    Spells: 11/27 levels left

rFire   . . .      SeeInvis .   F - +2 dagger (venom)
rCold   . . .      Faith    .   (no shield)
rNeg    . . .      Spirit   .   I - +0 steam dragon scales
rPois   .          Reflect  .   G - +0 helmet
rElec   .          Harm     .   (no cloak)
rCorr   .          Rampage  .   (no gloves)
Will    .....                   (no boots)
Stlth   +++.......              q - amulet of the acrobat
HPRegen 0.14/turn               J - +6 ring of strength
MPRegen 0.19/turn               D - +6 ring of dexterity

@: acrobatic, very slightly contaminated
A: no striking features
a: Renounce Religion


You were on level 8 of the Dungeon.
You worshipped Vehumet.
Vehumet was aware of your devotion.
You visited 1 branch of the dungeon, and saw 8 of its levels.
You also visited: Ossuary.

You collected 349 gold pieces.

Inventory:

Hand Weapons
 F - a +2 dagger of venom (weapon)
Missiles
 m - 60 arrows
 s - 16 bolts
 H - a throwing net
Armour
 f - a +2 leather armour of positive energy
 i - a scarf of invisibility
 j - a +2 robe of fire resistance
 o - a +0 buckler
 G - a +0 helmet (worn)
 I - +0 steam dragon scales (worn)
Jewellery
 q - an amulet of the acrobat (around neck)
 v - a ring of resist corrosion
 D - a +6 ring of dexterity (right hand)
 J - a +6 ring of strength (left hand)
Wands
 r - a wand of iceblast (3)
 y - a wand of paralysis (3)
Scrolls
 c - a scroll of enchant weapon {unknown}
 d - 7 scrolls of identify {unknown}
 e - a scroll of torment {unknown}
 h - 3 scrolls of amnesia {unknown}
 k - 4 scrolls of noise {unknown}
 p - 2 scrolls of blinking {unknown}
 t - 3 scrolls of teleportation {unknown}
 u - 3 scrolls of immolation {unknown}
 x - a scroll of holy word {unknown}
 E - a scroll of silence {unknown}
 K - a scroll of brand weapon {unknown}
Potions
 a - a potion of resistance {unknown}
 b - 3 potions of lignification {unknown}
 g - 8 potions of curing {unknown}
 l - 3 potions of attraction {unknown}
 n - 2 potions of mutation {unknown}
 w - 3 potions of invisibility {unknown}
 z - 2 potions of heal wounds {unknown}
 A - 2 potions of cancellation {unknown}
 B - a potion of degeneration {unknown}
 C - a potion of ambrosia
 L - a potion of might


   Skills:
 - Level 2.1 Fighting
 - Level 2.5 Armour
 - Level 3.2 Dodging
 - Level 3.0 Stealth
 + Level 1.9 Shields
 * Level 10.4 Spellcasting
 + Level 5.5 Conjurations
 - Level 1.1 Summonings
 - Level 1.1 Translocations
 + Level 3.9 Fire Magic
 - Level 1.1 Ice Magic
 - Level 1.1 Air Magic
 - Level 1.0 Poison Magic
 - Level 1.1 Evocations


You had 11 spell levels left.
You knew the following spells:

 Your Spells              Type           Power      Damage    Failure   Level
a - Magic Dart            Conj           100%       1d8       1%          1
b - Mephitic Cloud        Conj/Pois/Air  22%        N/A       6%          3
c - Call Imp              Summ           16%        N/A       5%          2
d - Blink                 Tloc           32%        N/A       5%          2
e - Conjure Flame         Conj/Fire      32%        6-21      2%          3
f - Freezing Cloud        Conj/Ice/Air   11%        6-21      47%         5

Your spell library contained the following spells:

 Spells                   Type           Power      Damage    Failure   Level
 Sandblast                Erth           22%        2d7       6%          1
 Freeze                   Ice            64%        1d8       3%          1
 Slow                     Hex            11%        N/A       9%          2
 Frozen Ramparts          Ice            32%        1d5       11%         3
 Hailstorm                Conj/Ice       26%        3d7       14%         4
 Irradiate                Conj/Tmut      11%        3d17      45%         5
 Blade Hands              Tmut           5%         N/A       85%         5
 Simulacrum               Ice/Necr       7%         N/A       100%        6
 Dragon Form              Tmut           5%         N/A       100%        7
 Polar Vortex             Ice            8%         N/A       100%        9


Dungeon Overview and Level Annotations

Branches:
Dungeon (8/15)             Temple (0/1) D:7         Ossuary (visited)
   Lair: D:8-11

Altars:
Ashenzari
Cheibriados
Dithmenos
Elyvilon
Hepliaklqana
Kikubaaqudgha
Okawaru
Qazlal
Ru
Sif Muna
Vehumet
Wu Jian
Zin

Shops:
D:3 *

Annotations:
D:7 2 transporters, cheechan's ghost, novice NaCK


Message History

Unknown command.
You barely miss the killer bee.
The killer bee is severely wounded.
You feel sick.
You kill the killer bee!
Vehumet accepts your kill.
You feel your power returning.
The killer bee is engulfed in noxious fumes.
The killer bee appears confused.
The killer bee is engulfed in noxious fumes.
The killer bee appears confused.
The killer bee closely misses you.
The killer bee is engulfed in noxious fumes.
The killer bee appears confused.
Unknown command.
Casting: Mephitic Cloud (dangerous; 6% risk of failure)
Confirm with . or Enter, or press ? or * to list all spells.
Aiming: Magic Dart (safe; 1% risk of failure)
Press: ? - help, Shift-Dir - straight line, f - killer bee
Aim: a killer bee (severely wounded, confused, 100% to hit)
The magic dart hits the killer bee.
The killer bee is almost dead.
You feel stable enough to blink again.
You feel sick.
The killer bee is engulfed in noxious fumes.
The killer bee appears confused.
An acid dragon comes into view.
The killer bee is engulfed in noxious fumes.
The killer bee appears confused.
You feel sick.
You are no longer poisoned.
The killer bee is engulfed in noxious fumes.
The killer bee appears confused.
The killer bee is engulfed in noxious fumes.
The killer bee appears confused.
Found 19 arrows.
The killer bee is engulfed in noxious fumes.
The killer bee appears confused.
The acid dragon spits acid at you. The splash of acid hits you!
You die...

###......# #.......###
.##(.....##
#.........##.....?....
##.......... ........
.........## ......
..........# #....#
..##......## ....#
...#####...## #.y.#
#.###.####..####@..#
#.# #.........#y°..##
.............##...y.#
..............#.....##
.#......#.........##
#...#.#####D......#
.....#.............#
.....#.#.#.......###
.. ............#


You could see an acid dragon (catching breath) and 3 killer bees.

Vanquished Creatures
  Sigmund (D:2)
  A steam dragon (D:7)
  The ghost of Icaro the Covered, an amateur GnWn of Wu Jian (D:3)
  2 necrophages
  An ogre (D:4)
  A centaur (D:6)
  A kobold brigand (D:7)
  Blork the orc (D:6)
  A scorpion (D:6)
  A troll zombie (Ossuary)
  A killer bee (D:8)
  A jelly (D:5)
  2 centaur zombies (Ossuary)
  2 quasits (D:3)
  A gnoll shaman (D:6)
  An orc priest (D:6)
  A human zombie (Ossuary)
  Jessica (D:2)
  4 iguanas
  A scorpion zombie (D:5)
  Ijyb (D:4)
  A killer bee zombie (D:8)
  2 ogre zombies (Ossuary)
  7 mummies (Ossuary)
  A howler monkey zombie (D:6)
  3 adders
  4 gnolls
  An ufetubus (D:5)
  An adder skeleton (D:4)
  2 adder zombies (Ossuary)
  A worm (D:2)
  5 dart slugs
  20 orcs
  2 bats
  7 endoplasms
  6 hobgoblins
  2 jackals (D:1)
  13 kobolds
  2 quokkas
  3 ball pythons
  2 frilled lizards (D:3)
  A gnoll zombie (Ossuary)
  7 goblins
  2 goblin zombies (Ossuary)
  7 hobgoblin zombies (Ossuary)
  4 kobold zombies (Ossuary)
  4 quokka zombies (Ossuary)
  6 rats
  4 rat zombies (Ossuary)
147 creatures vanquished.

Vanquished Creatures (collateral kills)
  A water moccasin (D:6)
1 creature vanquished.

Grand Total: 148 creatures vanquished

Notes
Turn   | Place    | Note
-------+----------+-------------------------------------------
     0 | D:1      | pokeman the Deep Elf Hedge Wizard began the quest for the
                  | Orb.
     0 | D:1      | Reached XP level 1. HP: 10/10 MP: 7/7
   283 | D:1      | Reached XP level 2. HP: 15/15 MP: 5/9
   862 | D:1      | Reached skill level 5 in Spellcasting
  1330 | D:2      | Noticed Jessica
  1330 | D:2      | Noticed Sigmund
  1378 | D:2      | Reached XP level 3. HP: 20/20 MP: 8/11
  1382 | D:2      | Learned a level 3 spell: Mephitic Cloud
  1385 | D:2      | Learned a level 2 spell: Call Imp
  1388 | D:2      | Learned a level 2 spell: Blink
  1392 | D:2      | Learned a level 3 spell: Conjure Flame
  1596 | D:2      | Killed Sigmund
  1597 | D:2      | Reached skill level 1 in Fighting
  1597 | D:2      | Reached skill level 1 in Armour
  1597 | D:2      | Reached skill level 6 in Spellcasting
  1597 | D:2      | Reached XP level 4. HP: 22/25 MP: 1/14
  1597 | D:2      | Reached XP level 5. HP: 25/29 MP: 1/15
  1752 | D:2      | Killed Jessica
  2546 | D:3      | Found a transporter.
  2551 | D:3      | Noticed Icaro's ghost (amateur GnWn)
  2580 | D:3      | Found a transporter.
  2727 | D:3      | Found Cuing's General Store.
  2936 | D:3      | Reached skill level 1 in Fire Magic
  2936 | D:3      | Reached XP level 6. HP: 34/34 MP: 10/17
  3018 | D:3      | You fall into a shaft and drop 3 floors!
  3184 | D:6      | Reached skill level 7 in Spellcasting
  3201 | D:6      | Reached skill level 1 in Air Magic
  3447 | D:5      | Entered Level 5 of the Dungeon
  3485 | D:5      | Found a white marble altar of Elyvilon.
  3521 | D:5      | Found a sand-covered staircase.
  3531 | D:5      | Reached XP level 7. HP: 38/38 MP: 17/20
  3540 | Ossuary  | Entered an ossuary
  3551 | Ossuary  | Reached skill level 1 in Poison Magic
  3637 | Ossuary  | Reached skill level 1 in Shields
  3883 | Ossuary  | Reached skill level 8 in Spellcasting
  3958 | Ossuary  | Reached skill level 1 in Evocations
  4765 | D:4      | Found a sacrificial altar of Ru.
  4789 | D:4      | Noticed Ijyb
  4807 | D:4      | Killed Ijyb
  4930 | D:4      | Found an ornate altar of the Wu Jian Council.
  4956 | D:4      | You fall into a shaft and drop 2 floors!
  4956 | D:6      | Found a hazy altar of Hepliaklqana.
  4956 | D:6      | Found a shimmering blue altar of Sif Muna.
  4956 | D:6      | Found a shadowy altar of Dithmenos.
  4956 | D:6      | Found a radiant altar of Vehumet.
  4956 | D:6      | Found a stormy altar of Qazlal.
  4956 | D:6      | Found a broken altar of Ashenzari.
  4956 | D:6      | Found a glowing silver altar of Zin.
  4956 | D:6      | Found an ancient bone altar of Kikubaaqudgha.
  4960 | D:6      | Became a worshipper of Vehumet
  5467 | D:3      | Reached XP level 8. HP: 42/44 MP: 13/22
  5576 | D:3      | Reached skill level 9 in Spellcasting
  5630 | D:3      | Killed Icaro's ghost
  5925 | D:4      | Found an iron altar of Okawaru.
  6119 | D:4      | Noticed a spectral centipede
  6119 | D:4      | Noticed a spectral black mamba
  6959 | D:6      | Found a snail-covered altar of Cheibriados.
  7094 | D:6      | Reached skill level 5 in Conjurations
  7421 | D:6      | Noticed Blork the orc
  7440 | D:6      | Killed Blork the orc
  7863 | D:6      | Reached * piety under Vehumet
  7863 | D:6      | Offered knowledge of Sandblast by Vehumet.
  8097 | D:7      | Reached skill level 10 in Spellcasting
  8103 | D:7      | Learned a level 5 spell: Freezing Cloud
  8140 | D:7      | Found a staircase to the Ecumenical Temple.
  8284 | D:7      | Found a transporter.
  8289 | D:7      | Found a transporter.
  8290 | D:7      | Noticed cheechan's ghost (novice NaCK)
  8481 | D:7      | Identified the +1 chain mail "Gypt" {Dex+6}
  8539 | D:7      | Reached skill level 1 in Ice Magic
  9252 | D:8      | Killed from afar by an acid dragon

Illustrated notes

Levels and vault maps discovered:
D:1:      amcnicky_arrival_blooded_trapdoor, layout_rooms, feat_on_display
D:2:      layout_loops_ring, st_stairs_14, kennysheep_cluttered_room,
          chequers_serial_rivers_large_b, uniq_jessica, uniq_sigmund
D:3:      layout_loops_ring, serial_shops, nicolae_lakefront_shop,
          gammafunk_ghost_stat_death
D:4:      layout_basic, okawaru_gym_becter, old_standard_altar,
          pdpol_wu_jian_five_deadly_venoms, minivault_23, uniq_ijyb
D:5:      layout_basic, mainiacjoe_overflow_alcove_1,
          nicolae_ossuary_entry_monument
D:6:      layout_loops_cross, grunt_temple_overflow_open,
          kennysheep_slug_shrine, minmay_misc_feat_enclosed, uniq_blork_the_orc
D:7:      layout_loops_corners, minmay_temple_entry_statues_pillars,
          gammafunk_ghost_hive
D:8:      layout_cave_pools, mainiacjoe_overflow_cross_hatched,
          minmay_misc_feat_five

Skill      XL: |  1  2  3  4  5  6  7  8 |
---------------+-------------------------+-----
Spellcasting   | 5 6 7 8 10 | 10.4
Fighting       | 1 2 |  2.1
Armour         | 1 2 |  2.5
Conjurations   | 2 3 4 5 |  5.5
Fire Magic     | 1 2 3 |  3.9
Dodging        | 3 |  3.2
Air Magic      | 1 |  1.1
Poison Magic   | 1 |  1.0
Shields        | 1 |  1.9
Stealth        | 3 |  3.0
Evocations     | 1 |  1.1
Ice Magic      | 1 |  1.1
Summonings     | |  1.1
Translocations | |  1.1

Action                   |  1- 3 |  4- 6 |  7- 9 || total
-------------------------+-------+-------+-------++-------
Melee: Dagger            |    30 |       |    51 ||    81
       Long sword        |       |     1 |       ||     1
       Trident           |       |    23 |   226 ||   249
 Cast: Magic Dart        |    63 |    66 |   141 ||   270
       Conjure Flame     |     3 |     2 |    21 ||    26
       Mephitic Cloud    |     1 |     3 |    14 ||    18
       Call Imp          |       |     5 |     7 ||    12
       Blink             |       |       |     6 ||     6
 Stab: Confused          |     2 |     2 |     4 ||     8
       Sleeping          |       |       |    15 ||    15
Armor: Leather armour    |     6 |    16 |    84 ||   106
       Robe              |     3 |       |       ||     3
       Steam dragon scal |       |       |     5 ||     5
Dodge: Dodged            |    15 |    25 |   188 ||   228

Table legend: (Time is in decaauts)
 A = Elapsed time spent in this place.
 B = Non-inter-level travel time spent in this place.
 C = Inter-level travel time spent in this place.
 D = Time resting spent in this place.
 E = Time spent auto-exploring this place.
 F = Levels seen in this place.
 G = Mean time per level.
                   A        B        C        D        E       F      G
               +--------+--------+--------+--------+--------+-----+--------+
         Total |   9358 |   8893 |    465 |    532 |   6644 |   9 | 1039.8 |
       Dungeon |   8179 |   7714 |    465 |    532 |   5864 |   8 | 1022.4 |
       Ossuary |   1179 |   1179 |      0 |      0 |    780 |   1 | 1179.0 |
               +--------+--------+--------+--------+--------+-----+--------+

Top non-repeatable levels by time:
     D:6: 1881 daAuts
     D:1: 1304 daAuts
     D:2: 1248 daAuts
 Ossuary: 1179 daAuts
     D:7: 1140 daAuts
     D:3: 1110 daAuts
     D:4: 732 daAuts
     D:5: 698 daAuts
     D:8: 63 daAuts
